 Dungeon Crawl Stone Soup version 0.27.1-3-gb3d3a73c9e (webtiles) character file.

Game seed: 1908014108159016984

58 Urokeeper the Sneak (level 4, -5/27 HPs)
             Began as a Kobold Brigand on Oct 18, 2021.
             Slain by a worm (6 damage)
             ... on level 2 of the Dungeon.
             The game lasted 00:04:43 (2349 turns).

Urokeeper the Sneak (Kobold Brigand)                Turns: 2349, Time: 00:04:43

Health: -5/27      AC: 12    Str:  9    XL:     4   Next: 20%
Magic:  4/4        EV:  2    Int: 18    God:
Gold:   22         SH:  0    Dex: 16    Spells: 3/3 levels left

rFire    . . .     SeeInvis .   o - +0 spear
rCold    . . .     Faith    .   (shield restricted)
rNeg     . . .     Spirit   .   f - +0 plate armour
rPois    .         Reflect  .   t - +0 helmet
rElec    .         Harm     .   c - +0 cloak
rCorr    .         Rampage  .   (no gloves)
Will     .....                  (no boots)
Stlth    ..........             (no amulet)
HPRegen  0.09/turn              n - +6 ring of intelligence
MPRegen  0.09/turn              (no ring)

@: no status effects
A: small, no large weapons, nightstalker 3
a: no special abilities


You were on level 2 of the Dungeon.
You visited 1 branch of the dungeon, and saw 2 of its levels.

You collected 22 gold pieces.

Inventory:

Hand Weapons
 a - a +2 dagger
 j - a +0 short sword
 o - a +0 spear (weapon)
Missiles
 d - 8 poisoned darts (quivered)
 e - 6 curare-tipped darts
 g - 3 atropa-tipped darts
Armour
 b - a +0 robe
 c - a +0 cloak (worn)
 f - a +0 plate armour (worn)
 t - a +0 helmet (worn)
Jewellery
 n - a +6 ring of intelligence (left hand)
Scrolls
 h - a scroll of amnesia {unknown}
 i - a scroll of magic mapping {unknown}
 k - a scroll of teleportation {unknown}
 l - a scroll of torment {unknown}
 r - a scroll of summoning {unknown}
Potions
 m - a potion of brilliance {unknown}
 p - a potion of lignification {unknown}
 q - 2 potions of haste {unknown}
 s - a potion of might {unknown}


   Skills:
 - Level 2.6 Fighting
 - Level 3.9 Short Blades
 * Level 0.4 Polearms
 - Level 2.1 Throwing
 * Level 1.7 Armour
 - Level 1.2 Dodging
 - Level 5.3 Stealth


You had 3 spell levels left.
You didn't know any spells.
Your spell library was empty.

Dungeon Overview and Level Annotations

Branches:
Dungeon (2/15)

Altars:


Innate Abilities, Weirdness & Mutations

You are small and have problems with some larger weapons.
You are completely attuned to the shadows.


Message History

The hobgoblin barely misses you.
You hit the hobgoblin.
You kill the hobgoblin!
You hit the worm.
The worm is lightly wounded.
The worm bites you but does no damage.
You hit the worm.
The worm is moderately wounded.
You hit the worm but do no damage.
The worm is moderately wounded.
The worm bites you.
Your plate armour prevents you from hitting the worm.
The worm is lightly wounded.
The worm bites you but does no damage.
You hit the worm.
The worm is lightly wounded.
The worm bites you but does no damage.
You hit the worm.
The worm is moderately wounded.
You barely miss the worm.
The worm is moderately wounded.
The worm bites you!
You hit the worm.
The worm is heavily wounded.
The worm bites you but does no damage.
Your plate armour prevents you from hitting the worm.
The worm is moderately wounded.
Your plate armour prevents you from hitting the worm.
The worm is moderately wounded.
The worm bites you!
Your plate armour prevents you from hitting the worm.
The worm is moderately wounded.
You hit the worm.
The worm is severely wounded.
The worm bites you!
* * * LOW HITPOINT WARNING * * *
You hit the worm but do no damage.
The worm is heavily wounded.
The worm bites you.
You die...

.......# .......#
.......## .........
......... .........
####'###. #w# #@####
#######..... #.#...
#......##### #.##.#
#......# #.##.#
#......####### #.##.#
.......#.....# #.##.####
.......#.....###........
.......'............####
.......#...........##


You could see a worm.

Vanquished Creatures
  An adder (D:2)
  A dart slug (D:2)
  4 ball pythons
  2 endoplasms
  A giant cockroach (D:1)
  9 hobgoblins
  5 jackals (D:1)
  3 kobolds (D:1)
  A quokka (D:1)
  6 bats
  4 frilled lizards
  2 goblins
  4 rats
43 creatures vanquished.

Notes
Turn   | Place    | Note
-------+----------+-------------------------------------------
     0 | D:1      | Urokeeper the Kobold Brigand began the quest for the Orb.
     0 | D:1      | Reached XP level 1. HP: 12/12 MP: 1/1
   234 | D:1      | Reached XP level 2. HP: 15/18 MP: 2/2
   532 | D:1      | Reached skill level 1 in Armour
   654 | D:1      | Reached XP level 3. HP: 14/22 MP: 3/3
  2217 | D:2      | Reached XP level 4. HP: 19/27 MP: 4/4
  2348 | D:2      | HP: 1/27 [worm (8)]
  2349 | D:2      | Slain by a worm

Illustrated notes

Levels and vault maps discovered:
D:1:      shiori_arrival_oz, layout_basic, glass_columns_b
D:2:      layout_basic, dilly_ecumenical_altar_fadedgnrine, uniq_jessica

Skill      XL: |  1  2 |
---------------+-------+-----
Short Blades   | 3 |  3.9
Armour         | 1 |  1.7
Fighting       | |  2.6
Polearms       | |  0.4
Throwing       | |  2.1
Dodging        | |  1.2
Stealth        | |  5.3

Action                   |  1- 3 |  4- 6 || total
-------------------------+-------+-------++-------
Melee: Dagger            |    76 |       ||    76
       Short sword       |   109 |       ||   109
       Spear             |    28 |    33 ||    61
 Stab: Sleeping          |     2 |       ||     2
Armor: Robe              |     1 |       ||     1
       Plate armour      |   195 |    28 ||   223
Dodge: Dodged            |    23 |     5 ||    28
